Map: Acropolis LE

Players

Mez - Winner!

  • Race: Terran Terran
  • League: Master
  • Spawn Location: 11:00

DatO

  • Race: Protoss Protoss
  • League: Master
  • Spawn Location: 5:00

VOD

Have the link to the VOD?

Description

Time

  • Played on: Aug. 23, 2019, 6:44 p.m.
  • Length: 8:58
Show
View Real Time Build Order
Export as new Build Order

Mez Terran - Winner!

Build Orders: Reaper Expand 

Get SALT Encoding   

  12  0:01  SCV  
  13  0:13  SCV  
  14  0:17  Supply Depot  
  14  0:25  SCV  
  15  0:39  SCV  
  15  0:40  Barracks  
  16  0:44  Refinery  
  16  0:51  SCV  
  17  1:03  SCV  
  18  1:15  SCV  
  19  1:29  Orbital Command, Reaper  
  20  1:45  Command Center  
  20  1:54  Bunker  
  20  1:56  SCV  
  21  2:05  Marine  
  21  2:06  Supply Depot  
  22  2:10  SCV  
  23  2:27  Barracks Reactor  
  23  2:28  SCV  
  24  2:40  SCV  
  24  2:55  Command Center  
  24  2:59  Factory  
  24  3:01  SCV  
  24  3:05  Refinery  
  24  3:17  Marine x2  
  24  3:18  SCV  
  27  3:28  Orbital Command  
  27  3:32  SCV  
  28  3:34  Marine  
  28  3:35  Marine  
  28  3:36  Orbital Command  
  30  3:44  Widow Mine  
  30  3:46  Starport  
  30  3:47  SCV  
  33  3:59  SCV  
  34  4:03  SCV  
  34  4:05  Factory Tech Lab  
  34  4:08  Orbital Command  
  35  4:11  SCV  
  35  4:12  Barracks  
  35  4:15  SCV  
  37  4:19  Marine x2  
  37  4:23  SCV  
  40  4:27  Siege Tank  
  40  4:30  Starport Tech Lab  
  43  4:32  SCV  
  43  4:35  Barracks, SCV  
  45  4:40  SCV  
  45  4:49  SCV x2  
  45  4:51  Marine  
  45  4:52  Marine  
  49  4:53  Raven  
  49  4:55  Refinery  
  49  4:57  SCV  
  52  5:01  SCV  
  52  5:06  Factory Reactor  
  53  5:13  SCV  
  53  5:14  SCV  
  55  5:15  Marine x3  
  55  5:17  Stimpack  
  55  5:20  Engineering Bay x2  
  58  5:22  SCV  
  58  5:24  Refinery  
  58  5:25  Barracks Tech Lab, SCV  
  60  5:31  SCV  
  61  5:42  Supply Depot  
  61  5:44  Supply Depot  
  61  5:46  Starport Reactor  
  61  5:49  SCV  
  61  5:50  SCV  
  61  5:51  SCV  
  60  6:01  Bunker, Marine  
  60  6:03  Marine  
  60  6:04  SCV x3  
  65  6:07  Combat Shield  
  65  6:19  Marine, Missile Turret  
  65  6:20  Marine  
  65  6:22  Widow Mine x2  
  65  6:23  Medivac  
  65  6:24  Medivac  
  75  6:30  SCV  
  75  6:32  SCV  
  77  6:41  Supply Depot x2  
  77  6:43  Orbital Command  
  77  6:53  Marine x2  
  77  6:54  Widow Mine x2, Supply Depot x2, Marauder  
  85  7:03  Marauder, Medivac x2  
  91  7:14  SCV x3  
  94  7:20  Marauder, Marine x2  
  94  7:21  Bunker  
  98  7:24  Marauder  
  98  7:26  SCV x3  
  103  7:33  Concussive Shells  
  103  7:34  Barracks  
  103  7:37  Barracks  
  103  7:38  SCV x3  
  103  7:39  Marine x2  
  103  7:42  Medivac x2  
  112  7:50  SCV  
  113  7:54  Missile Turret  
  113  7:57  Ghost Academy  
  113  7:59  Refinery  
  113  8:00  Marauder  
  113  8:01  Marauder, Marine x2  
  107  8:16  SCV x3  
  107  8:19  Widow Mine x2, Marine x2  
  116  8:23  Armory  
  116  8:28  SCV  
  116  8:32  Barracks Tech Lab, Barracks Reactor  
  116  8:33  Marauder, Supply Depot  
  116  8:34  Supply Depot  
  117  8:43  Supply Depot  
Show
View Real Time Build Order
Export as new Build Order

DatO Protoss 

Build Orders: Zealot Archon, Dark Templar Rush 

Get SALT Encoding   

  12  0:00  Probe  
  13  0:13  Probe  
  14  0:18  Pylon  
  14  0:23  Probe  
  15  0:32  Probe  
  15  0:39  Gateway  
  15  0:40  Probe  
  16  0:47  Assimilator  
  17  0:55  Pylon  
  17  0:57  Probe  
  18  1:10  Probe  
  19  1:13  Gateway  
  19  1:22  Probe  
  20  1:28  Cybernetics Core  
  20  1:36  Probe  
  20  1:37  Zealot  
  23  1:42  Pylon  
  23  1:53  Assimilator  
  23  1:54  Probe  
  23  1:57  Stalker  
  23  1:58  Stalker  
  24  2:01  Warp Gate  
  27  2:21  Probe  
  28  2:41  Stalker  
  26  3:04  Twilight Council  
  26  3:11  Nexus  
  24  3:15  Stalker  
  26  3:20  Stalker  
  28  3:28  Probe  
  28  3:29  Pylon, Charge  
  29  3:43  Dark Shrine  
  29  4:07  Stalker  
  29  4:08  Stalker  
  33  4:29  Probe  
  34  4:32  Robotics Facility  
  34  4:36  Gateway x2  
  34  4:41  Probe  
  35  4:50  Probe  
  36  4:53  Probe  
  36  4:55  Dark Templar  
  39  5:01  Zealot  
  39  5:02  Probe  
  40  5:20  Probe x2  
  42  5:22  Pylon  
  42  5:23  Dark Templar  
  44  5:29  Zealot  
  44  5:32  Zealot, Probe  
  44  5:34  Dark Templar  
  43  5:52  Probe x2  
  33  5:58  Warp Prism  
  33  6:00  Probe x2  
  33  6:03  Sentry  
  37  6:10  Probe x2  
  37  6:11  Assimilator  
  41  6:22  Probe x2  
  43  6:27  Gateway x2  
  43  6:29  Gateway  
  43  6:33  Pylon  
  43  6:34  Probe  
  44  6:40  Dark Templar x2  
  44  6:43  Probe  
  44  6:45  Archon  
  49  6:50  Zealot  
  51  6:59  Adept  
  53  7:11  Observer  
  53  7:13  Probe  
  55  7:23  Zealot x2  
  55  7:24  Zealot  
  55  7:28  Pylon  
  55  7:29  Pylon  
  61  7:32  Pylon  
  61  7:33  Pylon  
  61  7:38  Gateway  
  61  7:41  Gateway  
  61  7:42  Pylon  
  61  7:47  Dark Templar x2  
  61  7:50  Dark Templar  
  67  7:51  Zealot x3  
  67  7:53  Archon  
  73  8:05  Warp Prism  
  45  8:20  Dark Templar x2  
  45  8:21  Assimilator  
  45  8:22  Stalker  
  45  8:23  Zealot x2, Stalker  
  49  8:41  Dark Templar  
  49  8:42  Zealot  
  49  8:44  Zealot x2  
  49  8:45  Zealot  
Tags
 
Add a new tag
Caveats
  • Supply blocks, unpowered buildings, or Contaminate may cause inaccurate times.
  • Supply counts are checked every 10 seconds.